 Dungeon Crawl Stone Soup version 0.18.1-6-gd335043 (webtiles) character file.

192567 shmeve the Peltast (level 17, 0/166 HPs)
             Began as a Deep Dwarf Fighter on May 15, 2016.
             Was the Champion of Trog.
             Slain by a greater naga
             ... wielding a +0 halberd
              (5 damage)
             ... on level 4 of the Snake Pit on May 16, 2016.
             The game lasted 01:28:58 (23921 turns).

shmeve the Peltast (Deep Dwarf Fighter)            Turns: 23921, Time: 01:29:00

Health: 0/166      AC: 29    Str: 30    XL:     17   Next: 61%
Magic:  5/5        EV: 11    Int:  8    God:    Trog [******]
Gold:   2300       SH: 26    Dex: 12    Spells: 0 memorised, 16 levels left

rFire  . . .     SeeInvis .     z - +9 broad axe (vamp)
rCold  + . .     Gourm    .     j - +1 plate armour {rC+}
rNeg   + . .     Faith    .     K - +4 large shield
rPois  .         Spirit   .     (no helmet)
rElec  .         Dismiss  .     D - +2 cloak {MR+}
rCorr  .         Reflect  .     Q - +2 pair of gloves
SustAt .         Harm     .     T - +0 pair of boots
MR     +++++                    (no amulet)
Stlth  ..........               a - +4 ring of protection
                                u - +3 ring of evasion

@: lethally poisoned (0 -> -27), non-regenerating, constricted, almost entirely
resistant to hostile enchantments, extremely unstealthy
A: damage resistance, recharge devices, negative energy resistance 1, sense
surroundings 2, slow regeneration 3, strong 1
a: Device Recharging, Berserk, Trog's Hand, Brothers in Arms, Burn Spellbooks,
Renounce Religion
}: 1/15 runes: serpentine


You were on level 4 of the Snake Pit.
You worshipped Trog.
Trog was exalted by your worship.
You were not hungry.

You visited 4 branches of the dungeon, and saw 29 of its levels.

You collected 2991 gold pieces.
You spent 691 gold pieces at shops.

Inventory:

Hand Weapons
 z - a +9 vampiric broad axe (weapon)
Armour
 j - a +1 plate armour of cold resistance (worn)
 D - a +2 cloak of magic resistance (worn)
 K - a +4 large shield (worn)
 Q - a +2 pair of gloves (worn)
 T - a +0 pair of boots (worn)
Jewellery
 a - a +4 ring of protection (right hand)
 n - an uncursed ring of poison resistance
 u - a +3 ring of evasion (left hand)
 w - a +4 ring of strength
 B - an uncursed ring of protection from magic
Wands
 e - a wand of heal wounds (2/9)
 m - a wand of disintegration (5/24)
 t - a wand of digging (10/24)
 x - a wand of polymorph (13/24)
 F - a wand of digging (2/24)
 L - a wand of flame (32/48)
Scrolls
 h - 5 scrolls of blinking
 i - 4 scrolls of remove curse
 k - 5 scrolls of recharging
 l - 4 scrolls of teleportation
 r - 3 scrolls of enchant weapon
 v - 3 scrolls of magic mapping
 y - 2 scrolls of holy word
 C - 2 scrolls of fear
 G - a scroll of brand weapon
 N - 6 scrolls of fog
Potions
 b - 2 potions of brilliance
 d - 9 potions of might
 g - 8 potions of heal wounds
 o - 2 potions of flight
 p - 2 potions of magic
 q - 6 potions of curing
 A - 3 potions of resistance
 E - 2 potions of berserk rage
 H - 4 potions of agility
 I - 4 potions of invisibility
 U - 2 potions of haste
Comestibles
 f - 13 bread rations
 s - 14 meat rations
 J - 12 beef jerkies
 M - 3 slices of pizza


   Skills:
 * Level 14.3 Fighting
 * Level 16.3 Axes
 + Level 12.2 Armour
 + Level 11.6 Dodging
 * Level 16.4 Shields
 + Level 14.3 Evocations


You had 16 spell levels left.
You didn't know any spells.

Dungeon Overview and Level Annotations

Branches:
Dungeon (15/15)            Temple (0/1) D:5            Lair (8/8) D:10
 Shoals (0/4) Lair:4        Snake (4/4) Lair:6        Slime (0/6) Lair:8
    Orc (2/2) D:12            Elf (0/3) Orc:2        Vaults (0/5) D:13
 Depths (0/5) D:15

Altars:
Ashenzari
Cheibriados
Dithmenos
Fedhas
Makhleb
Pakellas
Qazlal
Ru
Trog
Xom
The Shining One
Beogh
Jiyva

Shops:
D:5 }   D:8 *[!(   D:12 ?   Orc:2 ([**   Snake:4 %

Annotations:
Lair:1 exclusion: 3 oklob plants
Lair:8 1 runed door


Innate Abilities, Weirdness & Mutations

You are resistant to damage.
You can recharge devices by infusing magical energy.
You resist negative energy.
You passively map the area around you.
You do not regenerate naturally.
Your muscles are strong. (Str +2)


Message History

* * * LOW HITPOINT WARNING * * *
The greater naga hits you with a halberd!
* * * LOW HITPOINT WARNING * * *
Your skin crawls.
You feel resistant to hostile enchantments.
You feel slightly more hungry.
You feel very sick. You block the black mamba's attack.
The greater naga gestures at you while chanting.
The poison arrow hits you!
You are lethally poisoned!
* * * LOW HITPOINT WARNING * * *
The greater naga hits you but does no damage.
The greater naga constricts you.
The greater naga hits you but does no damage.
The greater naga spits poison at you. The splash of poison misses you.
The splash of poison hits the greater naga.
The greater naga hits you with a halberd!
You die...

#.....# ###.### #)# ###
###)###
#####.#######.)())##
##......$##.....[))..
##.......#............
##....NN.#.............
#.....@N.#......⌠...⌠..
#....N.S#..............
#....NN.#..............
#.......#....⌠.....<...
#........#.......#####..
###...!...#.............
#.......,##....⌠...⌠..
#........, ##,........ *
, ..###...###


You could see 6 greater nagas and a black mamba.

Vanquished Creatures
  Jorgrun (Snake:2)
  Rupert (D:15)
  Agnes (D:15)
  Kirke (D:13)
  11 greater nagas
  An azure jelly (D:15)
  Roxanne (D:15)
  The ghost of Chemotherapy the Severer, a journeyman DDBe of Trog (D:14)
  Aizul (Snake:2)
  A dire elephant (Lair:8)
  A salamander stormcaller (D:14)
  Azrael (D:15)
  Snorg (Lair:5)
  An ettin (D:15)
  A rakshasa (D:15)
  18 naga warriors
  7 anacondas
  10 hydras
  The ghost of coolio the Destroyer, a journeyman KoCj of Vehumet (Lair:1)
  5 centaur warriors
  2 catoblepae
  2 tengu warriors
  A death knight (D:15)
  8 death yaks
  A deep troll shaman (Lair:8)
  10 naga sharpshooters
  6 shock serpents
  A deep elf knight (D:13)
  A salamander mystic (Snake:1)
  The ghost of dialectric the Unseen, a novice SpGl of Ru (D:13)
  6 skeletal warriors
  A deep troll (D:15)
  4 unseen horrors
  A phantasmal warrior (D:15)
  3 naga ritualists
  7 hill giants
  A deep elf archer (D:15)
  Pikel (D:5)
  A lindwurm (Lair:7)
  3 orc knights
  4 deep elf magi (D:13)
  9 salamanders
  2 orc sorcerers (Orc:1)
  5 ugly things
  A cyclops (D:13)
  A manticore (D:11)
  5 mana vipers
  4 centaur zombies
  18 elephants
  14 guardian serpents
  24 naga magi
  A gargoyle (D:11)
  12 spiny frogs
  20 black mambas
  3 torpor snails
  5 centaur skeletons
  3 rime drakes
  A kobold demonologist (D:14)
  9 komodo dragons
  4 freezing wraiths (D:15)
  A yaktaur (D:15)
  5 polar bears
  3 trolls
  2 tengu conjurers
  The ghost of HenryFlower the Magician, a novice SpEE of Ashenzari (D:5)
  6 two-headed ogres
  17 blink frogs
  A shadow (D:11)
  A water elemental (D:11)
  4 wraiths (D:15)
  42 yaks
  2 wyverns
  3 basilisks
  A human (D:7)
  3 hogs
  A steam dragon (D:11)
  2 fire elementals (D:15)
  13 hippogriffs
  2 hungry ghosts
  5 vampire mosquitoes
  55 nagas
  2 wargs (Orc:1)
  4 hell hounds (D:15)
  11 water moccasins
  3 slaves (D:5)
  15 porcupines
  37 orc warriors
  10 ice beasts
  4 black bears
  2 sky beasts
  An eye of draining (D:15)
  A necrophage (D:10)
  27 wolves
  3 wasps
  7 ogres
  22 centaurs
  20 crocodiles
  A gnoll sergeant (D:10)
  27 giant frogs
  4 big kobolds
  A wyvern zombie (D:5)
  2 wyvern skeletons
  6 scorpions
  11 killer bees (D:10)
  15 wights
  2 electric eels
  8 howler monkeys
  4 giant frog zombies
  10 crimson imps
  5 orc priests
  2 giant frog skeletons
  3 hounds
  3 jellies
  12 orc wizards
  6 worker ants
  10 iguanas
  25 sheep
  A howler monkey skeleton (D:9)
  14 adders
  11 gnolls
  45 river rats
  6 shadow imps
  3 oozes
  2 adder zombies
  2 adder skeletons
  4 worms
  5 dart slugs
  3 giant geckos
  74 orcs
  3 giant cockroaches
  4 goblins
  4 hobgoblins
  3 jackals (D:1)
  24 kobolds
  5 quokkas
  2 ball pythons
  8 bats
  A giant gecko skeleton (D:4)
  A giant gecko zombie (D:7)
  8 giant newts
  A jackal skeleton (D:4)
  9 rats
  14 fungi
  6 plants
1031 creatures vanquished.

Vanquished Creatures (others)
  A hydra (D:14)
  A tengu conjurer (D:15)
  4 humans (D:13)
  A jelly (D:13)
  2 orcs (D:13)
  8 fungi
  6 plants
23 creatures vanquished.

Grand Total: 1054 creatures vanquished

Notes
Turn   | Place    | Note
--------------------------------------------------------------
     0 | D:1      | shmeve the Deep Dwarf Fighter began the quest for the Orb.
     0 | D:1      | Reached XP level 1. HP: 20/20 MP: 1/1
   142 | D:1      | Reached skill level 1 in Evocations
   148 | D:1      | Reached XP level 2. HP: 27/27 MP: 2/2
   331 | D:1      | Reached skill level 1 in Dodging
   666 | D:2      | Reached XP level 3. HP: 33/33 MP: 4/4
   801 | D:2      | Noticed a moth of wrath
   804 | D:2      | Found a bloodstained altar of Trog.
   829 | D:2      | Became a worshipper of Trog the Wrathful
  1264 | D:3      | Reached XP level 4. HP: 37/40 MP: 5/5
  1297 | D:3      | Found a blossoming altar of Fedhas.
  1583 | D:3      | Reached * piety under Trog
  1856 | D:3      | Found a glowing golden altar of the Shining One.
  1858 | D:3      | Found a sacrificial altar of Ru.
  1959 | D:3      | Reached XP level 5. HP: 43/49 MP: 6/6
  1980 | D:3      | Found a faded altar to an unknown god.
  2155 | D:4      | Found a shattered altar of Ashenzari.
  2363 | D:4      | Reached ** piety under Trog
  2365 | D:4      | Reached XP level 6. HP: 52/56 MP: 8/8
  2393 | D:4      | Found a snail-covered altar of Cheibriados.
  2393 | D:4      | Found a shimmering altar of Xom.
  2630 | D:5      | Entered Level 5 of the Dungeon
  2633 | D:5      | Noticed HenryFlower's ghost (novice SpEE)
  2638 | D:5      | Killed HenryFlower's ghost
  2638 | D:5      | Reached skill level 5 in Shields
  2638 | D:5      | Reached XP level 7. HP: 63/63 MP: 9/9
  2698 | D:5      | Found a staircase to the Ecumenical Temple.
  2931 | D:5      | Found Jut Cekhla's Quality Used Wands.
  3037 | D:5      | Reached skill level 5 in Axes
  3167 | D:5      | Reached XP level 8. HP: 50/73 MP: 10/10
  3326 | D:5      | Noticed Pikel
  3336 | D:5      | Killed Pikel
  3336 | D:5      | Reached skill level 5 in Fighting
  3336 | D:5      | Reached skill level 5 in Armour
  4076 | D:6      | Found a stormy altar of Qazlal.
  4079 | D:6      | Noticed an air elemental
  4126 | D:6      | Found a shadowy altar of Dithmenos.
  4586 | D:7      | Gained mutation: You passively map the area around you. [Deep Dwarf growth]
  4586 | D:7      | Reached XP level 9. HP: 49/81 MP: 11/11
  4625 | D:7      | Reached *** piety under Trog
  4905 | D:7      | Reached skill level 5 in Evocations
  5090 | D:7      | Found a burning altar of Makhleb.
  5449 | D:8      | Found Nakaq's Weapon Shoppe.
  5612 | D:8      | Found Xoitieph's Distillery.
  5615 | D:8      | Bought a potion of curing for 39 gold pieces
  5615 | D:8      | Bought a potion of curing for 39 gold pieces
  5892 | D:8      | Found Egosh's General Store.
  5944 | D:8      | Reached **** piety under Trog
  5946 | D:8      | Found Sarisoid's Antique Armour Emporium.
  5961 | D:8      | Bought a brightly glowing chain mail for 209 gold pieces
  5975 | D:8      | Identified the cursed +1 chain mail of the Sailor {Int+6} (You bought it in a shop on level 8 of the Dungeon)
  6044 | D:8      | Reached XP level 10. HP: 56/92 MP: 12/12
  6251 | D:9      | Reached skill level 5 in Dodging
  6970 | D:10     | Entered Level 10 of the Dungeon
  7052 | D:10     | Found a stormy altar of Qazlal.
  7091 | D:10     | Got a polished war axe
  7092 | D:10     | Identified the +5 war axe of Ruca {chop, MR+ Str+6} (You found it on level 10 of the Dungeon)
  7365 | D:10     | Noticed a hill giant
  7368 | D:10     | Noticed a hill giant
  7369 | D:10     | Killed a hill giant
  7373 | D:10     | Noticed a hill giant
  7377 | D:10     | Noticed a red ugly thing
  7377 | D:10     | Killed a hill giant
  7397 | D:10     | Reached XP level 11. HP: 70/103 MP: 14/14
  7400 | D:10     | Killed a hill giant
  7404 | D:10     | Killed a red ugly thing
  7418 | D:10     | Reached ***** piety under Trog
  7899 | D:10     | Found a staircase to the Lair.
  7991 | D:10     | Reached skill level 10 in Shields
  8389 | D:11     | Noticed a tengu warrior
  8404 | D:11     | Killed a tengu warrior
  8433 | D:11     | Noticed a hill giant
  8451 | D:11     | Killed a hill giant
  8545 | D:11     | Noticed a green ugly thing
  8552 | D:11     | Killed a green ugly thing
  8744 | D:11     | Reached skill level 10 in Axes
  9285 | D:12     | Found a staircase to the Orcish Mines.
  9542 | D:12     | Found Kiworeaxt's Magic Scroll Boutique.
  9545 | D:12     | Bought a scroll of identify for 30 gold pieces
  9613 | D:13     | Reached XP level 12. HP: 112/112 MP: 13/13
  9631 | D:13     | Noticed dialectric's ghost (novice SpGl)
  9653 | D:13     | Killed dialectric's ghost
  9906 | D:13     | Noticed Kirke
  9918 | D:13     | Killed Kirke
 10107 | D:13     | Noticed a centaur warrior
 10121 | D:13     | Killed a centaur warrior
 10136 | D:13     | Reached skill level 10 in Fighting
 10138 | D:13     | Received a gift from Trog
 10169 | D:13     | Reached XP level 13. HP: 24/123 MP: 13/13
 10176 | D:13     | Reached skill level 10 in Evocations
 10284 | D:13     | Found a gate to the Vaults.
 10396 | Lair:1   | Entered Level 1 of the Lair of Beasts
 10645 | Lair:1   | Noticed coolio's ghost (journeyman KoCj)
 10655 | Lair:1   | Killed coolio's ghost
 11292 | Lair:2   | Received a gift from Trog
 12135 | Lair:3   | Found a runed door.
 12909 | Lair:4   | Received a gift from Trog
 13001 | Lair:4   | Found a shimmering altar of Xom.
 13065 | Lair:4   | Found a staircase to the Shoals.
 13515 | Lair:4   | Gained mutation: You resist negative energy. [Deep Dwarf growth]
 13515 | Lair:4   | Reached XP level 14. HP: 115/135 MP: 13/13
 13906 | Lair:5   | Noticed Snorg
 13915 | Lair:5   | Killed Snorg
 14577 | Lair:6   | Found a staircase to the Snake Pit.
 14690 | Lair:6   | Reached ****** piety under Trog
 14694 | Lair:6   | Received a gift from Trog
 15354 | Lair:7   | Reached skill level 10 in Armour
 16212 | Lair:8   | Entered Level 8 of the Lair of Beasts
 16220 | Lair:8   | Found a runed door.
 16269 | Lair:8   | Received a gift from Trog
 16766 | Lair:8   | Found a viscous altar of Jiyva.
 16767 | Lair:8   | Found a staircase to the Slime Pits.
 17051 | Lair:8   | Reached XP level 15. HP: 144/144 MP: 11/11
 17428 | Orc:1    | Entered Level 1 of the Orcish Mines
 17572 | Orc:1    | Found a roughly hewn altar of Beogh.
 17742 | Orc:2    | Entered Level 2 of the Orcish Mines
 17792 | Orc:2    | Found a staircase to the Elven Halls.
 17799 | Orc:2    | Received a gift from Trog
 17952 | Orc:2    | Found Dimnifeeny's Assorted Antiques.
 17952 | Orc:2    | Found Zyhomih's Armour Emporium.
 17974 | Orc:2    | Found Xuces's Weapon Shoppe.
 17976 | Orc:2    | Found Picw's General Store.
 18017 | Orc:2    | Bought a +2 cloak of magic resistance for 344 gold pieces
 18031 | Orc:2    | Bought a scroll of identify for 30 gold pieces
 19006 | D:14     | Noticed Chemotherapy's ghost (journeyman DDBe)
 19074 | D:14     | Killed Chemotherapy's ghost
 19119 | D:14     | Reached skill level 10 in Dodging
 19335 | D:14     | Received a gift from Trog
 19424 | D:14     | Found an oddly glowing altar of Pakellas.
 19732 | D:15     | Entered Level 15 of the Dungeon
 19741 | D:15     | Noticed Agnes
 19757 | D:15     | Killed Agnes
 19853 | D:15     | Found a staircase to the Depths.
 19922 | D:15     | Noticed Azrael
 19941 | D:15     | Killed Azrael
 19996 | D:15     | Noticed an azure jelly
 20006 | D:15     | Killed an azure jelly
 20015 | D:15     | Found a frozen archway.
 20296 | D:15     | Noticed Roxanne
 20343 | D:15     | Killed Roxanne
 20343 | D:15     | Reached skill level 15 in Shields
 20462 | D:15     | Noticed Rupert
 20477 | D:15     | Killed Rupert
 20477 | D:15     | Reached XP level 16. HP: 156/156 MP: 8/8
 20874 | Snake:1  | Entered Level 1 of the Snake Pit
 20878 | Snake:1  | Received a gift from Trog
 21114 | Snake:1  | Gained mutation: Your muscles are strong. (Str +2) [potion of beneficial mutation]
 21177 | Snake:1  | Reached skill level 15 in Axes
 21519 | Snake:2  | Noticed Jorgrun
 21536 | Snake:2  | Killed Jorgrun
 21915 | Snake:2  | Received a gift from Trog
 21956 | Snake:2  | Noticed Aizul
 21988 | Snake:2  | HP: 1/157 [poisoned by Aizul (bolt of poison)]
 22000 | Snake:2  | Killed Aizul
 22451 | Snake:2  | Received a gift from Trog
 22975 | Snake:3  | Reached XP level 17. HP: 165/165 MP: 0/7
 22987 | Snake:3  | Received a gift from Trog
 23250 | Snake:4  | Entered Level 4 of the Snake Pit
 23563 | Snake:4  | Found Xousiw's Food Shoppe.
 23665 | Snake:4  | Received a gift from Trog
 23889 | Snake:4  | Got a serpentine rune of Zot
 23921 | Snake:4  | HP: 5/166 [greater naga/poison arrow (18)]
 23921 | Snake:4  | Slain by a greater naga

Skill      XL: |  1  2  3  4  5  6  7  8  9 10 11 12 13 14 15 16 17 |
---------------+----------------------------------------------------+-----
Evocations     | 1 2 3 4 6 7 8 9 11 12 13 14 | 14.3
Dodging        | 1 2 4 5 6 7 8 9 10 11 | 11.6
Axes           | 3 4 5 6 7 8 10 11 12 13 14 15 16 | 16.3
Shields        | 4 5 6 8 9 10 11 12 14 15 16 | 16.4
Fighting       | 3 4 5 6 7 8 10 11 12 13 14 | 14.3
Armour         | 4 5 6 7 8 9 10 11 12 | 12.2

Action                   |  1- 3 |  4- 6 |  7- 9 | 10-12 | 13-15 | 16-18 || total
-------------------------+-------+-------+-------+-------+-------+-------++-------
Melee: War axe           |   106 |   135 |   418 |   625 |  1048 |       ||  2332
       Broad axe         |       |       |       |       |   469 |   712 ||  1181
Invok: Berserk           |       |     3 |     6 |     6 |    17 |     3 ||    35
       Trog's Hand       |       |       |     1 |    10 |     4 |     4 ||    19
       Burn Spellbooks   |       |       |       |     1 |     3 |     2 ||     6
 Abil: Device Recharging |       |       |     2 |     5 |    10 |     5 ||    22
Evoke: Wand              |     1 |     1 |     6 |    18 |    70 |    19 ||   115
  Use: Scroll            |       |       |     4 |       |    34 |     7 ||    45
       Potion            |       |       |     1 |       |     2 |     7 ||    10
 Stab: Distracted        |       |       |     1 |       |       |       ||     1
       Petrified         |       |       |       |       |     5 |       ||     5
       Petrifying        |       |       |       |       |     3 |       ||     3
  Eat: Chunk             |     1 |     7 |    19 |    21 |    40 |     3 ||    91
       Royal jelly       |       |       |       |       |     1 |     2 ||     3
       Fruit             |       |       |       |       |    20 |       ||    20
       Beef jerky        |       |       |       |       |     1 |       ||     1
       Pizza             |       |       |       |       |       |     8 ||     8
Armor: Scale mail        |    63 |    70 |    62 |       |       |       ||   195
       Plate armour      |       |       |   137 |   403 |   752 |   259 ||  1551
Dodge: Dodged            |    41 |    76 |   109 |   242 |   729 |   259 ||  1456
Block: Shield            |    74 |    92 |   228 |   526 |  1187 |    92 ||  2199
       Large shield      |       |       |       |       |       |   896 ||   896
